 Dungeon Crawl Stone Soup version 0.28-a0-751-gef3a642a4e (webtiles) character file.

Game seed: 6675756507519081905

431 Gargoyl the Skirmisher (level 7, -4/59 HPs)
             Began as a Gnoll Abyssal Knight on Oct 30, 2021.
             Was a Believer of Lugonu.
             Splashed by a jelly's acid (10 damage)
             ... on level 4 of the Dungeon.
             The game lasted 00:04:58 (4596 turns).

Gargoyl the Skirmisher (Gnoll Abyssal Knight)       Turns: 4596, Time: 00:04:59

Health: -4/59      AC: -8    Str: 14    XL:     7   Next: 0%
Magic:  10/10      EV:  7    Int:  9    God:    Lugonu [**....]
Gold:   168        SH:  0    Dex: 16    Spells: 10/10 levels left

rFire   . . .      SeeInvis .   c - +1 mace of Integrity {venom, rC+ Dex+3}
rCold   + + .      Faith    .   (no shield)
rNeg    . . .      Spirit   .   h - +0 chain mail
rPois   .          Reflect  .   d - +0 helmet
rElec   .          Harm     .   (no cloak)
rCorr   .          Rampage  .   (no gloves)
Will    +....                   (no boots)
Stlth   ..........              j - amulet of the acrobat
HPRegen 0.19/turn               g - ring of protection from cold
MPRegen 0.12/turn               t - ring of willpower

@: corroded
A: fangs 1, strong nose, distributed training
a: Renounce Religion, Depart the Abyss, Bend Space


You were on level 4 of the Dungeon.
You worshipped Lugonu.
Lugonu was pleased with you.
You visited 1 branch of the dungeon, and saw 5 of its levels.
You visited the Abyss 1 time.

You collected 168 gold pieces.

Inventory:

Hand Weapons
 a - a +3 hand axe of flaming
 c - the +1 mace of Integrity (weapon) {venom, rC+ Dex+3}
   (You found it on level 2 of the Abyss)

   It poisons the flesh of those it strikes.
   Dex:       It affects your dexterity (+3).
   rC:        It protects you from cold.
Missiles
 l - 23 poisoned darts (quivered)
Armour
 d - a +0 helmet (worn)
 h - a +0 chain mail (worn)
Jewellery
 g - a ring of protection from cold (left hand)
 j - an amulet of the acrobat (around neck)
 o - a ring of resist corrosion
 t - a ring of willpower (right hand)
Wands
 m - a wand of flame (18)
Scrolls
 p - a scroll of teleportation
 q - a scroll of magic mapping
 r - a scroll of blinking
Potions
 b - a potion of curing
 e - 2 potions of flight
 f - 2 potions of haste
 i - a potion of degeneration {unknown}
 k - 2 potions of lignification
 n - a potion of ambrosia {unknown}
 s - a potion of berserk rage {unknown}


   Skills:
 + Level 6.9 Fighting
 + Level 2.2 Short Blades
 + Level 2.2 Long Blades
 + Level 5.1 Axes
 + Level 2.2 Maces & Flails
 + Level 2.2 Polearms
 + Level 2.2 Staves
 + Level 2.2 Slings
 + Level 2.2 Bows
 + Level 2.2 Crossbows
 + Level 2.2 Throwing
 + Level 5.1 Armour
 + Level 3.4 Dodging
 + Level 2.2 Stealth
 + Level 2.2 Shields
 + Level 2.2 Unarmed Combat
 + Level 2.2 Spellcasting
 + Level 1.7 Conjurations
 + Level 1.7 Hexes
 + Level 1.7 Summonings
 + Level 1.7 Necromancy
 + Level 1.7 Translocations
 + Level 1.7 Transmutations
 + Level 1.7 Fire Magic
 + Level 1.7 Ice Magic
 + Level 1.7 Air Magic
 + Level 1.7 Earth Magic
 + Level 1.7 Poison Magic
 + Level 5.2 Invocations
 + Level 2.2 Evocations


You had 10 spell levels left.
You didn't know any spells.
Your spell library contained the following spells:

 Spells                   Type           Power      Damage    Failure   Level
 Foxfire                  Conj/Fire      16%        2x1d4     98%         1
 Conjure Flame            Conj/Fire      4%         6-21      100%        3
 Inner Flame              Hex/Fire       4%         N/A       100%        3
 Flame Wave               Conj/Fire      4%         3d3       100%        4
 Summon Forest            Summ/Tloc      2%         N/A       100%        5
 Summon Mana Viper        Hex/Summ       4%         N/A       100%        5
 Summon Cactus Giant      Summ           2%         N/A       100%        6


Dungeon Overview and Level Annotations

Branches:
Dungeon (5/15)
 Temple: D:4-7

Altars:
Ru
Uskayaw

Shops:
D:1 (


Innate Abilities, Weirdness & Mutations

You have very sharp teeth.
Your uncanny sense of smell can sniff out nearby items.
Your experience applies equally to all skills.


Message History

There is a stone staircase leading down here.
You hit the jelly.
Your hands burn!
You bite the jelly, but do no damage.
The jelly is moderately wounded.
The jelly hits you but does no damage.
You hit the jelly.
Your hands burn!
The jelly is heavily wounded.
The jelly hits you. The acid corrodes you!
You are splashed with acid!
You hit the jelly but do no damage. The acid corrodes you!
Your hands burn!
You bite the jelly, but do no damage.
The jelly is heavily wounded.
The jelly hits you. The acid corrodes you!
You are splashed with acid!
* * * LOW HITPOINT WARNING * * *
The jelly hits you.
* * * LOW HITPOINT WARNING * * *
You are splashed with acid!
* * * LOW HITPOINT WARNING * * *
Things that are here:
a +0 flail; a gnoll corpse You see here a +0 chain mail.
Throw: 25 darts (poison)
Press: ? - help, Q - select action, (/) - cycle Shift-Dir - straight line, f - jelly
Aim: a jelly (heavily wounded, 90% to hit)
You throw a poisoned dart. The poisoned dart hits the jelly.
The jelly is heavily wounded.
Unknown command.
Throw: 24 darts (poison)
Press: ? - help, Q - select action, (/) - cycle Shift-Dir - straight line, f/p - jelly
Aim: a jelly (heavily wounded, 90% to hit)
You throw a poisoned dart. The poisoned dart hits the jelly.
The jelly is poisoned.
The jelly is heavily wounded.
The jelly hits you.
* * * LOW HITPOINT WARNING * * *
The acid corrodes you!
You are splashed with acid.
* * * LOW HITPOINT WARNING * * *
Unknown command.
You feel better. The jelly hits you.
* * * LOW HITPOINT WARNING * * *
The acid corrodes you!
You are splashed with acid!
You die...

#.....# #.# ##...## ###...#
#.##### ##.....## ##.#.## #.....#
##.......##
#....#########.###.###.........##
...............# #...'.........+.
#....#########.###.###.........##
#..#.# #.....####.......##
.#.#.## #...J...(##.....##
###...# #.#@####.###...#####
.#.#.## #.#.####.# ##'##....
#.#### #..#..##.# #.##.### #.#
#.#.#.##.# #.##.# #.# #.###.##.#
##.##.### #.#
#.###.##.###...#.#.. ..#
#..................# ###
#####.#.#.##...#.###
#...#.###.##.###


You could see a jelly (poisoned).

Vanquished Creatures
  A water moccasin skeleton (D:4)
  4 hounds
  2 iguanas
  Natasha (thrice) (D:2)
  Robin (D:2)
  An adder (D:3)
  A gnoll (D:4)
  4 worms
  3 dart slugs
  2 orcs
  4 endoplasms
  2 giant cockroaches (D:1)
  12 goblins
  4 hobgoblins
  2 jackals (D:1)
  3 ball pythons
  4 bats
  2 frilled lizards
  3 kobolds
  4 rats
62 creatures vanquished.

Vanquished Creatures (collateral kills)
  A hound (D:4)
  A kobold (D:4)
2 creatures vanquished.

Grand Total: 64 creatures vanquished

Notes
Turn   | Place    | Note
-------+----------+-------------------------------------------
     0 | Abyss:1  | Gargoyl the Gnoll Abyssal Knight began the quest for the
                  | Orb.
     0 | Abyss:1  | Reached XP level 1. HP: 23/23 MP: 3/3
    42 | Abyss:2  | Identified the +1 mace of Integrity {venom, rC+ Dex+3}
    51 | Abyss:3  | Noticed a starcursed mass
    51 | Abyss:3  | Noticed a worldbinder
    51 | Abyss:3  | Noticed an ancient zyme
    51 | Abyss:3  | Noticed a wretched star
    51 | Abyss:3  | Noticed a merfolk javelineer
    51 | Abyss:3  | Noticed a guardian serpent
    52 | D:1      | Escaped the Abyss
   243 | D:1      | Found Elieh's Antique Weapon Shoppe.
   294 | D:1      | Reached XP level 2. HP: 17/29 MP: 5/5
   916 | D:1      | Found a faded altar of an unknown god.
   922 | D:1      | Reached * piety under Lugonu
  1088 | D:2      | Reached XP level 3. HP: 25/35 MP: 6/6
  1310 | D:2      | Noticed Robin
  1312 | D:2      | Reached skill level 1 in Short Blades
  1312 | D:2      | Reached skill level 1 in Long Blades
  1312 | D:2      | Reached skill level 1 in Maces & Flails
  1312 | D:2      | Reached skill level 1 in Polearms
  1312 | D:2      | Reached skill level 1 in Staves
  1312 | D:2      | Reached skill level 1 in Slings
  1312 | D:2      | Reached skill level 1 in Bows
  1312 | D:2      | Reached skill level 1 in Crossbows
  1312 | D:2      | Reached skill level 1 in Throwing
  1312 | D:2      | Reached skill level 1 in Stealth
  1312 | D:2      | Reached skill level 1 in Shields
  1312 | D:2      | Reached skill level 1 in Unarmed Combat
  1312 | D:2      | Reached skill level 1 in Spellcasting
  1312 | D:2      | Reached skill level 1 in Evocations
  1312 | D:2      | Reached XP level 4. HP: 23/41 MP: 7/7
  1339 | D:2      | HP: 2/41 [goblin[Robin] (4)]
  1354 | D:2      | Killed Robin
  1739 | D:2      | Reached skill level 1 in Conjurations
  1739 | D:2      | Reached skill level 1 in Hexes
  1739 | D:2      | Reached skill level 1 in Summonings
  1739 | D:2      | Reached skill level 1 in Necromancy
  1739 | D:2      | Reached skill level 1 in Translocations
  1739 | D:2      | Reached skill level 1 in Transmutations
  1739 | D:2      | Reached skill level 1 in Fire Magic
  1739 | D:2      | Reached skill level 1 in Ice Magic
  1739 | D:2      | Reached skill level 1 in Air Magic
  1739 | D:2      | Reached skill level 1 in Earth Magic
  1739 | D:2      | Reached skill level 1 in Poison Magic
  2119 | D:2      | Noticed Natasha
  2130 | D:2      | Killed Natasha
  2131 | D:2      | Reached XP level 5. HP: 18/47 MP: 8/8
  2259 | D:2      | Noticed Natasha
  2268 | D:2      | Killed Natasha
  2621 | D:2      | Noticed Natasha
  2629 | D:2      | Killed Natasha
  2796 | D:3      | Found a hide-covered altar of Uskayaw.
  2813 | D:3      | Found a sacrificial altar of Ru.
  3000 | D:3      | Reached ** piety under Lugonu
  3366 | D:3      | Reached skill level 5 in Invocations
  3463 | D:4      | Reached XP level 6. HP: 30/53 MP: 9/9
  3712 | D:4      | Reached skill level 5 in Axes
  3712 | D:4      | Reached skill level 5 in Armour
  4470 | D:5      | Entered Level 5 of the Dungeon
  4507 | D:4      | Reached XP level 7. HP: 49/59 MP: 10/10
  4595 | D:4      | HP: 1/59 [acid (6)]
  4596 | D:4      | Splashed by a jelly's acid

Illustrated notes

Levels and vault maps discovered:
D:1:      grunt_arrival_lava_bath, layout_basic, serial_shops, shop,
          hellmonk_ecumenical_altar_lost_god
D:2:      layout_loops_corners, nrook_uturn, chequers_mini_garden,
          hangedman_feature_mirror, uniq_robin, uniq_natasha
D:3:      layout_loops_ring, eat_drink_and_be_merry_uskayaw,
          nicolae_ru_path_of_blood
D:4:      layout_loops_corners
D:5:      layout_basic, minitemple, uniq_menkaure

Skill      XL: |  1  2  3  4  5  6 |
---------------+-------------------+-----
Short Blades   | 1 2 |  2.2
Long Blades    | 1 2 |  2.2
Maces & Flails | 1 2 |  2.2
Polearms       | 1 2 |  2.2
Staves         | 1 2 |  2.2
Slings         | 1 2 |  2.2
Bows           | 1 2 |  2.2
Crossbows      | 1 2 |  2.2
Throwing       | 1 2 |  2.2
Stealth        | 1 2 |  2.2
Shields        | 1 2 |  2.2
Unarmed Combat | 1 2 |  2.2
Spellcasting   | 1 2 |  2.2
Evocations     | 1 2 |  2.2
Conjurations   | 1 |  1.7
Hexes          | 1 |  1.7
Summonings     | 1 |  1.7
Necromancy     | 1 |  1.7
Translocations | 1 |  1.7
Transmutations | 1 |  1.7
Fire Magic     | 1 |  1.7
Ice Magic      | 1 |  1.7
Air Magic      | 1 |  1.7
Earth Magic    | 1 |  1.7
Poison Magic   | 1 |  1.7
Dodging        | 3 |  3.4
Invocations    | 5 |  5.2
Axes           | 5 |  5.1
Armour         | 5 |  5.1
Fighting       | |  6.9

Action                   |  1- 3 |  4- 6 |  7- 9 || total
-------------------------+-------+-------+-------++-------
Melee: Mace              |    53 |   146 |     3 ||   202
       Bite              |     6 |    15 |     2 ||    23
       Punch             |       |     2 |       ||     2
Throw: Dart              |       |     4 |     2 ||     6
Invok: Depart the Abyss  |     1 |       |       ||     1
  Use: Scroll            |     5 |     5 |       ||    10
       Potion            |       |     4 |     1 ||     5
Armor: Leather armour    |    14 |    13 |       ||    27
       Chain mail        |       |    66 |     1 ||    67
       Skin              |       |    16 |       ||    16
Dodge: Dodged            |    35 |   113 |     2 ||   150

Table legend: (Time is in decaauts)
 A = Elapsed time spent in this place.
 B = Non-inter-level travel time spent in this place.
 C = Inter-level travel time spent in this place.
 D = Time resting spent in this place.
 E = Time spent auto-exploring this place.
 F = Levels seen in this place.
 G = Mean time per level.
                   A        B        C        D        E       F      G
               +--------+--------+--------+--------+--------+-----+--------+
         Total |   4670 |   4516 |    154 |    764 |   2983 |   8 |  583.8 |
       Dungeon |   4619 |   4465 |    154 |    764 |   2979 |   5 |  923.8 |
         Abyss |     50 |     50 |      0 |      0 |      4 |   3 |   16.7 |
               +--------+--------+--------+--------+--------+-----+--------+

Top non-repeatable levels by time:
     D:2: 1829 daAuts
     D:4: 1132 daAuts
     D:1: 939 daAuts
     D:3: 678 daAuts
 Abyss:1: 40 daAuts
     D:5: 38 daAuts
 Abyss:2: 10 daAuts
 Abyss:3: 0 daAuts
